 Dungeon Crawl Stone Soup version 0.28-a0-1074-g3cb2360906 (webtiles) character file.

Game seed: 17053038257302673843

17872 Peloso the Carver (level 12, -8/110 HPs)
             Began as a Minotaur Fighter on Dec 9, 2021.
             Was the Champion of Okawaru.
             Killed by an exploding ogre (23 damage)
             ... ignited by their inner flame
             ... on level 2 of the Orcish Mines.
             The game lasted 00:21:57 (15672 turns).

Peloso the Carver (Minotaur Fighter)               Turns: 15672, Time: 00:21:57

Health: -8/110     AC: 23    Str: 22    XL:     12   Next: 22%
Magic:  11/11      EV:  9    Int:  5    God:    Okawaru [******]
Gold:   1126       SH:  7    Dex: 20    Spells: 11/11 levels left

rFire   . . .      SeeInvis .   a - +4 long sword (freeze)
rCold   . . .      Faith    .   c - +0 buckler
rNeg    . . .      Spirit   .   p - +0 plate armour
rPois   .          Reflect  .   (helmet restricted)
rElec   .          Harm     .   G - +0 cloak {Stlth+}
rCorr   .          Rampage  .   (no gloves)
Will    .....                   n - +0 pair of boots
Stlth   ..........              (no amulet)
HPRegen 0.28/turn               x - +4 ring of protection
MPRegen 0.12/turn               D - +6 ring of dexterity

@: lethally poisoned (-8 -> -16)
A: horns 2, retaliatory headbutt
a: Renounce Religion, Heroism, Finesse, Duel


You were on level 2 of the Orcish Mines.
You worshipped Okawaru.
Okawaru was exalted by your worship.
You visited 3 branches of the dungeon, and saw 15 of its levels.
You also visited: Sewer.

You collected 1126 gold pieces.

Inventory:

Hand Weapons
 a - a +4 long sword of freezing (weapon)
Missiles
 B - 4 throwing nets (quivered)
Armour
 b - a +0 scale mail
 c - a +0 buckler (worn)
 n - a +0 pair of boots (worn)
 p - a +0 plate armour (worn)
 G - a +0 cloak of stealth (worn)
Jewellery
 r - a ring of ice
 x - a +4 ring of protection (left hand)
 D - a +6 ring of dexterity (right hand)
 I - an amulet of magic regeneration
 L - an amulet of reflection
Wands
 i - a wand of flame (20)
 s - a wand of iceblast (11)
 C - a wand of polymorph (9)
Scrolls
 f - 5 scrolls of teleportation
 g - 6 scrolls of amnesia
 h - a scroll of fear
 k - 2 scrolls of noise
 l - 4 scrolls of enchant armour {unknown}
 o - 2 scrolls of enchant weapon {unknown}
 v - 4 scrolls of fog
 y - 5 scrolls of identify
 A - a scroll of magic mapping
 K - a scroll of vulnerability {unknown}
 M - a scroll of summoning
Potions
 d - 5 potions of might
 e - 5 potions of magic {unknown}
 j - 3 potions of heal wounds
 m - 4 potions of curing
 q - 2 potions of degeneration {unknown}
 t - a potion of cancellation {unknown}
 u - 4 potions of mutation {unknown}
 z - 2 potions of flight
 E - 4 potions of haste {unknown}
 F - a potion of lignification {unknown}
 H - 3 potions of brilliance {unknown}
 J - a potion of berserk rage {unknown}
 N - 2 potions of invisibility {unknown}


   Skills:
 + Level 11.5 Fighting
 + Level 14.3 Long Blades
 + Level 13.0 Armour
 + Level 3.4 Dodging
 + Level 1.7 Stealth
 + Level 9.8 Shields
 + Level 0.7 Invocations
 + Level 0.6 Evocations


You had 11 spell levels left.
You didn't know any spells.
Your spell library contained the following spells:

 Spells                   Type           Power      Damage    Failure   Level
 Apportation              Tloc           0%         N/A       99%         1
 Magic Dart               Conj           0%         1d3       99%         1
 Pain                     Necr           0%         1d4       99%         1
 Searing Ray              Conj           0%         2d4       100%        2
 Frozen Ramparts          Ice            0%         1d2       100%        3
 Mephitic Cloud           Conj/Pois/Air  0%         N/A       100%        3
 Vampiric Draining        Necr           0%         2d6       100%        3
 Fulminant Prism          Conj/Hex       0%         3d6       100%        4
 Hailstorm                Conj/Ice       0%         3d3       100%        4
 Ice Form                 Ice/Tmut       0%         N/A       100%        4
 Alistair's Intoxication  Tmut/Pois      0%         N/A       100%        5
 Fireball                 Conj/Fire      0%         3d3       100%        5
 Iskenderun's Battlesphe  Conj           0%         2d6       100%        5
 Conjure Ball Lightning   Conj/Air       0%         3x3d6     100%        6
 Orb of Destruction       Conj           0%         N/A       100%        7
 Animate Skeleton         Necr           Unusable   N/A       N/A         1
 Call Imp                 Summ           Unusable   N/A       N/A         2
 Summon Ice Beast         Ice/Summ       Unusable   N/A       N/A         4
 Simulacrum               Ice/Necr       Unusable   N/A       N/A         6

Dungeon Overview and Level Annotations

Branches:
Dungeon (12/15)            Temple (0/1) D:7            Lair (1/6) D:11
    Orc (2/2) D:12          Sewer (visited)
    Elf: Orc:2

Altars:
Ashenzari
Cheibriados
Elyvilon
Gozag
Kikubaaqudgha
Nemelex Xobeh
Okawaru
Sif Muna
Trog
Uskayaw
Xom
Yredelemnul
Zin

Shops:
D:1 [   D:8 (*

Annotations:
D:10 3 runed translucent doors, Thargor's ghost, journeyman GnWn


Innate Abilities, Weirdness & Mutations

You have a pair of horns on your head.
You reflexively headbutt those who attack you in melee.


Message History

The fiery explosion engulfs the orc!!
The fiery explosion engulfs you!!
The fiery explosion engulfs the orc wizard!!
Okawaru accepts your kill.
The orc wizard explodes!
The fiery explosion engulfs the orc priest!!
Okawaru accepts your kill.
The orc priest explodes!
The fiery explosion engulfs the orc warlord!!
Flame seeps out of the orc warlord.
The orc warlord is moderately wounded.
The fiery explosion engulfs the orc sorcerer!
Flame seeps out of the orc sorcerer.
The orc sorcerer is heavily wounded.
The fiery explosion engulfs the orc warrior!!
Okawaru accepts your kill.
The orc warrior explodes!
The fiery explosion engulfs the orc!!!
Okawaru accepts your kill.
The fiery explosion engulfs the orc sorcerer!
Okawaru accepts your kill.
The fiery explosion engulfs the orc warrior!!!
Okawaru accepts your kill.
The fiery explosion engulfs the orc!!
The orc explodes!
The orc warrior explodes!
The orc sorcerer explodes!
The orc explodes! x2; The warg explodes!
The fiery explosion engulfs you!!
* * * LOW HITPOINT WARNING * * *
The fiery explosion engulfs the orc!
Okawaru accepts your kill.
The orc explodes!
The fiery explosion engulfs the orc priest!!
Okawaru accepts your kill.
The fiery explosion engulfs the orc priest!!
Okawaru accepts your kill.
The fiery explosion engulfs Sonja!!!
Okawaru accepts your kill.
Sonja explodes!
The orc priest explodes! x2; The orc explodes!
The ogre explodes!
The fiery explosion engulfs you!!
You die...

.........o.....
.......$....§..
...o..o.o§§§§..
...o...$o§§§§..
#....§§§§§§§§..
#....§§§§§§§§..
.....§§§§§§§...
$....§§@§§§§...
.....§§§.§§§...
.#.......§§.o..
...............
.....O....$....
.#..........o..
........^......
...............


You could see an orc warlord (inner flame), 4 orc warriors, an ogre (inner
flame), an orc wizard (inner flame, strong) and 2 orcs.

Vanquished Creatures
  4 two-headed ogres
  An orc high priest (D:12)
  Sonja (Orc:2)
  An ugly thing (D:12)
  A manticore (D:11)
  An orc sorcerer (Orc:2)
  A deep elf pyromancer (D:12)
  A cane toad (Lair:1)
  A komodo dragon (Lair:1)
  An unseen horror (D:6)
  6 trolls
  4 slime creatures
  2 wraiths (D:12)
  3 basilisks
  A shadow (D:12)
  23 yaks
  2 vampires (D:10)
  A wyvern (D:11)
  A steam dragon (D:7)
  3 wargs
  An acid dragon (D:12)
  4 water moccasins
  2 ice beasts
  11 orc warriors
  2 sky beasts
  A black bear (D:4)
  3 necrophages
  6 wolves (Lair:1)
  2 centaurs
  3 ogres
  A kobold brigand (Sewer)
  4 bullfrogs
  2 gnoll sergeants
  A wyvern zombie (D:8)
  4 scorpions
  10 killer bees
  A water moccasin skeleton (D:6)
  11 wights
  A howler monkey (D:7)
  A bullfrog zombie (D:7)
  6 centaur zombies
  4 orc priests
  2 hounds
  A jelly (D:6)
  Crazy Yiuf (D:5)
  A bullfrog skeleton (D:5)
  2 iguanas (D:11)
  2 gnoll shamans
  12 orc wizards
  A killer bee zombie (D:8)
  A hound skeleton (D:4)
  A howler monkey zombie (D:9)
  7 adders
  22 gnolls
  2 river rats (Sewer)
  2 shadow imps
  3 white imps
  2 worms
  38 orcs
  6 ball pythons
  6 endoplasms
  7 giant cockroaches
  6 goblins
  5 hobgoblins
  9 jackals
  10 kobolds
  4 quokkas
  4 bats
  5 frilled lizards
  12 rats
314 creatures vanquished.

Vanquished Creatures (others)
  A wizard (D:6)
  5 fungi
  19 plants
25 creatures vanquished.

Grand Total: 339 creatures vanquished

Notes
Turn   | Place    | Note
-------+----------+-------------------------------------------
     0 | D:1      | Peloso the Minotaur Fighter began the quest for the Orb.
     0 | D:1      | Reached XP level 1. HP: 19/19 MP: 0/0
   161 | D:1      | Reached XP level 2. HP: 27/27 MP: 1/1
   506 | D:1      | Reached XP level 3. HP: 32/33 MP: 2/2
   512 | D:1      | Found Qikiny's Antique Armour Shop.
   855 | D:2      | Reached skill level 3 in Long Blades
   936 | D:2      | Found a faded altar of an unknown god.
  1140 | D:3      | Reached XP level 4. HP: 40/40 MP: 3/3
  1223 | D:3      | Found an iron altar of Okawaru.
  1306 | D:3      | Became a worshipper of Warmaster Okawaru
  1763 | D:4      | Found an ancient bone altar of Kikubaaqudgha.
  2037 | D:4      | Noticed a black bear
  2055 | D:4      | Killed a black bear
  2056 | D:4      | Reached skill level 4 in Long Blades
  2056 | D:4      | Reached skill level 1 in Dodging
  2056 | D:4      | Reached XP level 5. HP: 37/47 MP: 4/4
  2478 | D:5      | Entered Level 5 of the Dungeon
  2483 | D:5      | Noticed a sky beast
  2500 | D:5      | Killed a sky beast
  2500 | D:5      | Reached * piety under Okawaru
  2501 | D:5      | Reached skill level 5 in Armour
  2501 | D:5      | Reached XP level 6. HP: 29/55 MP: 5/5
  2728 | D:5      | Found a runed translucent door.
  2729 | D:5      | Noticed Crazy Yiuf
  2761 | D:5      | Reached skill level 5 in Fighting
  2761 | D:5      | Reached skill level 5 in Long Blades
  2806 | D:5      | Found an opulent altar of Gozag.
  2935 | D:5      | Reached ** piety under Okawaru
  2936 | D:5      | Reached skill level 5 in Shields
  2936 | D:5      | Reached XP level 7. HP: 46/61 MP: 6/6
  3145 | D:5      | Found a snail-covered altar of Cheibriados.
  3348 | D:5      | Reached skill level 1 in Stealth
  3671 | D:5      | Found a sparkling altar of Nemelex Xobeh.
  3673 | D:5      | Found a shimmering altar of Xom.
  3673 | D:5      | Found a sparkling altar of Nemelex Xobeh.
  3675 | D:5      | Found a white marble altar of Elyvilon.
  3675 | D:5      | Found a shimmering altar of Xom.
  3675 | D:5      | Found a white marble altar of Elyvilon.
  3749 | D:5      | Killed Crazy Yiuf
  4006 | D:6      | Reached skill level 6 in Long Blades
  4021 | D:6      | Found a glowing drain.
  4056 | Sewer    | Entered a sewer
  4249 | Sewer    | Found a glowing silver altar of Zin.
  4397 | D:6      | Killed an unseen horror
  4397 | D:6      | Reached *** piety under Okawaru
  4398 | D:6      | Reached skill level 7 in Long Blades
  4398 | D:6      | Reached XP level 8. HP: 15/70 MP: 7/7
  5295 | D:6      | Reached skill level 8 in Long Blades
  5401 | D:6      | Found a bloodstained altar of Trog.
  5402 | D:6      | Noticed a wizard
  5408 | D:6      | Killed a wizard
  5829 | D:7      | Found a broken altar of Ashenzari.
  5849 | D:7      | Found a staircase to the Ecumenical Temple.
  6048 | D:7      | Reached XP level 9. HP: 75/78 MP: 8/8
  6663 | D:7      | Reached **** piety under Okawaru
  6909 | D:8      | Reached skill level 9 in Long Blades
  7346 | D:8      | Found Ofacyg's Antique Weapon Shop.
  8253 | D:8      | Found Sen Goas's Neck Hole.
  9082 | D:9      | Reached skill level 10 in Long Blades
  9096 | D:8      | Reached ***** piety under Okawaru
  9097 | D:8      | Reached skill level 10 in Armour
  9097 | D:8      | Reached XP level 10. HP: 66/88 MP: 9/9
  9206 | D:10     | Entered Level 10 of the Dungeon
  9764 | D:10     | Found a glowing silver altar of Zin.
  9765 | D:10     | Noticed a two-headed ogre
  9768 | D:10     | Found a basalt altar of Yredelemnul.
  9774 | D:10     | Killed a two-headed ogre
  9775 | D:10     | Reached skill level 11 in Long Blades
 10474 | D:9      | Received a gift from Okawaru
 10740 | D:9      | Noticed a two-headed ogre
 10936 | D:9      | Killed a two-headed ogre
 11316 | D:9      | Found a sparkling altar of Nemelex Xobeh.
 11714 | D:10     | Found a runed translucent gate.
 11719 | D:10     | Found a runed translucent gate.
 11720 | D:10     | Found a runed translucent gate.
 11721 | D:10     | Noticed a two-headed ogre
 11744 | D:10     | Killed a two-headed ogre
 11745 | D:10     | Reached skill level 12 in Long Blades
 11745 | D:10     | Reached XP level 11. HP: 91/97 MP: 10/10
 11874 | D:10     | Noticed Thargor's ghost (journeyman GnWn)
 12178 | D:10     | Found a hide-covered altar of Uskayaw.
 12178 | D:10     | Found a shimmering blue altar of Sif Muna.
 12639 | D:11     | Reached skill level 10 in Fighting
 12972 | D:11     | Found a staircase to the Lair.
 13183 | Lair:1   | Entered Level 1 of the Lair of Beasts
 13271 | Lair:1   | Reached skill level 13 in Long Blades
 13382 | Lair:1   | Reached ****** piety under Okawaru
 13471 | Lair:1   | Found an iron altar of Okawaru.
 13531 | Lair:1   | Noticed a five-headed hydra
 14063 | D:12     | Identified the +8 great sword "Jellyslayer" {distort, Drain
                  | rN+ Dex+6} (Okawaru gifted it to you on level 12 of the
                  | Dungeon)
 14063 | D:12     | Received a gift from Okawaru
 14105 | D:12     | Identified the +6 glaive "Thing" {freeze, rN+}
 14185 | D:12     | Identified the +2 ring mail "Zunioluz" {Rampage rN+ Int+4}
 14245 | D:12     | Noticed a two-headed ogre
 14252 | D:12     | Killed a two-headed ogre
 14253 | D:12     | Reached skill level 14 in Long Blades
 14253 | D:12     | Reached XP level 12. HP: 92/110 MP: 11/11
 14348 | D:12     | Found a staircase to the Orcish Mines.
 14885 | Orc:1    | Entered Level 1 of the Orcish Mines
 14885 | Orc:1    | Noticed an orc high priest
 14897 | D:12     | Killed an orc high priest
 15668 | Orc:2    | Entered Level 2 of the Orcish Mines
 15668 | Orc:2    | Noticed Sonja
 15668 | Orc:2    | Noticed an orc warlord
 15672 | Orc:2    | Killed Sonja
 15672 | Orc:2    | Killed by an exploding ogre... ignited by their inner flame

Illustrated notes

Levels and vault maps discovered:
D:1:      eino_arrival_druids_welcome, layout_loops_cross, serial_shops,
          nicolae_shop_waterfront, serial_bayou_lagoon_a
D:2:      layout_basic, dreamdust_ecumenical_altar_grove
D:3:      layout_loops_ring, lemuel_round_altar, minmay_misc_feat_plants
D:4:      layout_basic, old_standard_altar
D:5:      layout_rooms, doesnt_xom_only_xom,
          nicolae_gozag_cash_rules_everything_around_me, slow_altar_2,
          kennysheep_donut, roderic_serpentine_path, kennysheep_generic_room_10,
          uniq_crazy_yiuf_cottage
D:6:      layout_loops_ring, trog_wizard, portal_sewer_entry_f
D:7:      layout_basic, cheibrodos_ashenzari_chains, minmay_temple_entry_tees,
          minivault_10
D:8:      nicolae_cairo_tiling_large, layout_basic, serial_shops, shop,
          nicolae_shop_sticking_my_neck_out
D:9:      layout_gridville, nemelex_diamond_rough_becter
D:10:     layout_loops_ring, grunt_temple_overflow_open,
          gammafunk_temple_overflow_statue, gammafunk_ghost_icy
D:11:     layout_rooms, minmay_lair_entry_grove
D:12:     layout_grid_maze, david_orc_3
Lair:1:   layout_long_grid, basic_altar
Orc:1:    layout_caves, nicolae_orc_tapped_out, uniq_maurice
Orc:2:    st_orc_ogre_mass, layout_caves, nicolae_volcano_entry_batcave,
          mines2_david, uniq_sonja

Skill      XL: |  1  2  3  4  5  6  7  8  9 10 11 12 |
---------------+-------------------------------------+-----
Fighting       | 4 5 6 8 9 11 | 11.5
Shields        | 4 5 6 7 8 9 |  9.8
Armour         | 4 5 6 7 10 11 12 13 | 13.0
Long Blades    | 3 4 5 7 8 10 12 14 | 14.3
Dodging        | 1 2 3 |  3.4
Stealth        | 1 |  1.7
Invocations    | |  0.7
Evocations     | |  0.6

Action                   |  1- 3 |  4- 6 |  7- 9 | 10-12 || total
-------------------------+-------+-------+-------+-------++-------
Melee: Long sword        |    81 |   113 |   403 |   467 ||  1064
       Headbutt          |    15 |    20 |    95 |   134 ||   264
Invok: Heroism           |       |       |     2 |     5 ||     7
Evoke: Wand              |       |       |     3 |       ||     3
  Use: Scroll            |       |       |     5 |     6 ||    11
       Potion            |       |       |       |     2 ||     2
Armor: Scale mail        |    41 |    17 |       |       ||    58
       Plate armour      |       |    80 |   261 |   287 ||   628
Dodge: Dodged            |    38 |    40 |   106 |   147 ||   331
Block: Buckler           |    15 |    29 |    98 |   136 ||   278

Table legend: (Time is in decaauts)
 A = Elapsed time spent in this place.
 B = Non-inter-level travel time spent in this place.
 C = Inter-level travel time spent in this place.
 D = Time resting spent in this place.
 E = Time spent auto-exploring this place.
 F = Levels seen in this place.
 G = Mean time per level.
                   A        B        C        D        E       F      G
               +--------+--------+--------+--------+--------+-----+--------+
         Total |  15674 |  15193 |    481 |    620 |  11725 |  16 |  979.6 |
       Dungeon |  14731 |  14251 |    480 |    620 |  11077 |  12 | 1227.6 |
          Lair |    367 |    367 |      0 |      0 |    211 |   1 |  367.0 |
  Orcish Mines |    310 |    310 |      0 |      0 |    229 |   2 |  155.0 |
         Sewer |    265 |    265 |      0 |      0 |    208 |   1 |  265.0 |
               +--------+--------+--------+--------+--------+-----+--------+

Top non-repeatable levels by time:
     D:8: 2237 daAuts
     D:9: 2003 daAuts
    D:12: 1746 daAuts
     D:5: 1523 daAuts
     D:6: 1455 daAuts
    D:10: 1177 daAuts
     D:7: 1170 daAuts
    D:11: 885 daAuts
     D:1: 756 daAuts
     D:4: 753 daAuts
     D:3: 707 daAuts
  Lair:1: 367 daAuts
     D:2: 313 daAuts
   Orc:1: 307 daAuts
   Sewer: 265 daAuts
